 Dungeon Crawl Stone Soup version 0.22.1-1-ga44c0e5 (webtiles) character file.

214 Velaskes the Magician (level 5, -3/28 HPs)
             Began as a Deep Elf Wizard on Oct 31, 2018.
             Was a Follower of Ru.
             Slain by an ice beast (15 damage)
             ... on level 4 of the Dungeon.
             The game lasted 00:21:49 (4094 turns).

Velaskes the Magician (Deep Elf Wizard)             Turns: 4094, Time: 00:21:50

Health: -3/28      AC:  4    Str:  4    XL:     5   Next: 59%
Magic:  9/16       EV: 13    Int: 24    God:    Ru [*.....]
Gold:   194        SH:  0    Dex: 13    Spells: 17/18 levels left

rFire    + . .     SeeInvis .   w - +0 club
rCold    x . .     Gourm    .   (no shield)
rNeg     + . .     Faith    .   a - +0 robe
rPois    .         Spirit   .   b - +1 hat
rElec    .         Reflect  .   j - +0 cloak
rCorr    .         Harm     .   (no gloves)
MR       .....                  (no boots)
Stlth    ++........             (no amulet)
HPRegen  0.09/turn              c - ring of fire
MPRegen  0.15/turn              u - ring of positive energy

@: no status effects
A: missing an eye
a: Renounce Religion


You were on level 4 of the Dungeon.
You worshipped Ru.
Ru was aware of your devotion.
You were not hungry.

You visited 1 branch of the dungeon, and saw 4 of its levels.

You collected 194 gold pieces.

Inventory:

Hand Weapons
 m - a +2 vampiric dagger
 w - a +0 club (weapon)
Armour
 a - a +0 robe (worn)
 b - a +1 hat (worn)
 j - a +0 cloak (worn)
 k - a +0 robe
 l - a +1 ring mail of positive energy
 s - a cursed +0 plate armour
Jewellery
 c - a ring of fire (left hand)
 g - an uncursed ring of flight
 u - a ring of positive energy (right hand)
Scrolls
 d - 2 scrolls of fog
 e - a scroll of amnesia
 f - 3 scrolls of remove curse
 h - 2 scrolls of teleportation
 t - a scroll of enchant armour
Potions
 n - a potion of ambrosia {unknown}
 o - a potion of lignification {unknown}
 p - a potion of magic {unknown}
 q - a potion of curing {unknown}
 v - a potion of might


   Skills:
 + Level 2.6 Dodging
 + Level 3.4 Stealth
 + Level 7.2 Spellcasting
 + Level 3.2 Conjurations
   Level 1.1 Summonings
   Level 1.1 Translocations


You had 17 spell levels left.
You knew the following spells:

 Your Spells              Type           Power        Failure   Level  Hunger
a - Magic Dart            Conj           ###.         1%          1    None

Your spell library contained the following spells:

 Spells                   Type           Power        Failure   Level  Hunger
 Blink                    Tloc           N/A          7%          2    None
 Call Imp                 Summ           ##......     7%          2    None
 Slow                     Hex            #.......     11%         2    None
 Conjure Flame            Conj/Fire      ###.....     11%         3    None
 Mephitic Cloud           Conj/Pois/Air  ##......     14%         3    None


Dungeon Overview and Level Annotations

Branches:
Dungeon (4/15)
 Temple: D:4-7

Altars:
Cheibriados
Elyvilon
Kikubaaqudgha
Qazlal
Ru
Trog
Vehumet
Yredelemnul


Innate Abilities, Weirdness & Mutations

You are missing an eye, making it more difficult to aim.


Message History

The ice beast is severely wounded.
The ice beast hits you. The ice beast freezes you!
You feel a terrible chill!
Casting: Magic Dart (safe; 1% risk of failure)
Confirm with . or Enter, or press ? or * to list all spells.
Aiming: Magic Dart (safe; 1% risk of failure)
Press: ? - help, Shift-Dir - straight line, f/p - ice beast
Aim: an ice beast (severely wounded)
The magic dart hits the ice beast.
The ice beast is severely wounded.
The ice beast closely misses you.
Casting: Magic Dart (safe; 1% risk of failure)
Confirm with . or Enter, or press ? or * to list all spells.
Aiming: Magic Dart (safe; 1% risk of failure)
Press: ? - help, Shift-Dir - straight line, f/p - ice beast
Aim: an ice beast (severely wounded)
The magic dart hits the ice beast.
The ice beast is almost dead.
The ice beast hits you. The ice beast freezes you!
You feel a terrible chill!
Ouch! That really hurt!
You die...

# # #.
.#
.#####.
.....
... #Y#
#@# #.#
#.# #.#
.# #.#
.# #.#
.## ###
#.# ..
..#
###.#
.# #.#
#..(#


You could see an ice beast.

Vanquished Creatures
  An orc priest (D:3)
  A centaur skeleton (D:2)
  A worker ant (D:3)
  7 adders
  An ooze (D:3)
  A worm (D:3)
  A dart slug (D:2)
  A leopard gecko (D:1)
  5 orcs (D:3)
  5 bats
  2 giant cockroaches
  7 goblins
  10 hobgoblins
  3 jackals (D:1)
  3 quokkas
  4 frilled lizards
  3 kobolds
  2 rats
58 creatures vanquished.

Notes
Turn   | Place    | Note
-------+----------+-------------------------------------------
     0 | D:1      | Velaskes the Deep Elf Wizard began the quest for the Orb.
     0 | D:1      | Reached XP level 1. HP: 10/10 MP: 7/7
   169 | D:1      | Reached skill level 5 in Spellcasting
   255 | D:1      | Reached XP level 2. HP: 15/15 MP: 6/10
  1050 | D:2      | Found a sacrificial altar of Ru.
  1119 | D:2      | Became a worshipper of Ru the Awakened
  1236 | D:2      | Reached XP level 3. HP: 16/19 MP: 3/12
  1541 | D:2      | Found a bloodstained altar of Trog.
  1768 | D:2      | Found a snail-covered altar of Cheibriados.
  1772 | D:2      | Reached skill level 6 in Spellcasting
  2079 | D:2      | Reached XP level 4. HP: 24/24 MP: 5/14
  2488 | D:2      | Found a basalt altar of Yredelemnul.
  2678 | D:3      | Found an ancient bone altar of Kikubaaqudgha.
  3029 | D:3      | Found a radiant altar of Vehumet.
  3145 | D:3      | Found a white marble altar of Elyvilon.
  3280 | D:3      | Reached skill level 7 in Spellcasting
  3280 | D:3      | Reached XP level 5. HP: 28/28 MP: 5/16
  3435 | D:3      | Gained mutation: You are missing an eye, making it more
                  | difficult to aim. [Ru sacrifice]
  3435 | D:3      | Reached * piety under Ru
  4030 | D:4      | Found a stormy altar of Qazlal.
  4085 | D:4      | Noticed an ice beast
  4094 | D:4      | Slain by an ice beast

Skill      XL: |  1  2  3  4  5 |
---------------+----------------+-----
Spellcasting   | 5 6 7 |  7.2
Conjurations   | 2 3 |  3.2
Stealth        | 3 |  3.4
Dodging        | |  2.6
Summonings     | |  1.1
Translocations | |  1.1

Action                   |  1- 3 |  4- 6 || total
-------------------------+-------+-------++-------
Melee: Unarmed           |    10 |     1 ||    11
 Cast: Magic Dart        |    69 |   106 ||   175
Invok: Sacrifice an Eye  |       |     1 ||     1
  Use: Scroll            |     6 |     2 ||     8
       Potion            |     2 |     2 ||     4
  Eat: Ration            |     1 |     2 ||     3
Armor: Robe              |     7 |     3 ||    10
Dodge: Dodged            |    11 |    19 ||    30
